 Dungeon Crawl Stone Soup version 0.18.1-8-gdd0e5ea (webtiles) character file.

3514 WyrdKnight the Grappler (level 9, 0/124 HPs)
             Began as a Troll Berserker on June 5, 2016.
             Was an Elder of Trog.
             Succumbed to a killer bee's poison
             ... on level 8 of the Dungeon on June 7, 2016.
             The game lasted 02:49:30 (7228 turns).

WyrdKnight the Grappler (Troll Berserker)           Turns: 7228, Time: 02:49:30

Health: 0/124      AC:  7    Str: 33    XL:     9   Next: 81%
Magic:  8/8        EV: 11    Int:  3    God:    Trog [****..]
Gold:   333        SH:  0    Dex: 11    Spells: 0 memorised, 8 levels left

rFire  x . .     SeeInvis +       - Unarmed
rCold  + . .     Gourm    +     W - +2 robe {MR+}
rNeg   . . .     Faith    .     (no shield)
rPois  .         Spirit   .     (helmet restricted)
rElec  .         Dismiss  .     (no cloak)
rCorr  .         Reflect  .     (gloves unavailable)
SustAt .         Harm     .     (boots unavailable)
MR     +....                    (no amulet)
Stlth  ..........               i - ring of ice
                                f - ring of see invisible

@: berserking, lethally poisoned (0 -> -2), about to teleport, very slightly
contaminated, hasted, very quick, somewhat resistant to hostile enchantments,
extremely unstealthy
A: unfitting armour, claws 3, fast metabolism 3, gourmand, mutation resistance
1, regeneration 2, shaggy fur 1, tough skin 2, wild magic 1
a: Berserk, Trog's Hand, Brothers in Arms, Burn Spellbooks, Renounce Religion


You were on level 8 of the Dungeon.
You worshipped Trog.
Trog was greatly pleased with you.
You were not hungry.

You visited 2 branches of the dungeon, and saw 9 of its levels.
You also visited: Ossuary.

You collected 373 gold pieces.
You spent 40 gold pieces at shops.

Inventory:

Hand Weapons
 r - a cursed -1 scythe
 C - a +0 hunting sling
 Q - a +0 shortbow
 S - a +0 giant spiked club
 U - a cursed +3 dire flail of freezing
 X - a cursed -2 flail
Missiles
 h - 143 arrows
 j - 95 sling bullets
 l - 327 stones (quivered)
 A - 110 bolts
 E - 16 poisoned needles
Armour
 a - a +0 animal skin {INFERNO}
 W - a +2 robe of magic resistance (worn)
Magical Staves
 p - an uncursed staff of fire {unknown}
Jewellery
 f - a ring of see invisible (left claw)
 i - a ring of ice (right claw)
 u - an uncursed ring of resist corrosion
Wands
 v - a wand of polymorph (13/24)
 R - a wand of disintegration (14/24)
Scrolls
 d - a scroll of enchant armour {unknown}
 g - 7 scrolls of remove curse
 k - a scroll of random uselessness
 m - a scroll of enchant weapon {unknown}
 w - a scroll of amnesia {unknown}
 B - 7 scrolls of identify
 F - a scroll of blinking {unknown}
 G - a scroll of fog {unknown}
 J - a scroll of immolation {unknown}
 L - a scroll of fear {unknown}
 O - a scroll of brand weapon {unknown}
 P - a scroll of teleportation
Potions
 c - 2 potions of lignification
 e - 4 potions of curing
 x - a potion of ambrosia {unknown}
 D - 3 potions of haste
 H - a potion of flight
 I - 2 potions of degeneration {unknown}
 K - 3 potions of invisibility {unknown}
 M - a potion of might
 N - 3 potions of magic {unknown}
 V - a potion of berserk rage {unknown}
Comestibles
 b - 5 bread rations
 n - a slice of pizza
 o - 4 meat rations
 s - 4 chunks of flesh
 t - a beef jerky
 T - 2 royal jellies


   Skills:
 - Level 3.3 Fighting
 - Level 4.0 Dodging
 - Level 0.3 Stealth
 * Level 13.1 Unarmed Combat


You had 8 spell levels left.
You didn't know any spells.

Dungeon Overview and Level Annotations

Branches:
Dungeon (8/15)             Temple (1/1) D:4
   Lair: D:8-11

Altars:
Ashenzari
Cheibriados
Dithmenos
Elyvilon
Fedhas
Gozag
Kikubaaqudgha
Makhleb
Nemelex Xobeh
Okawaru
Pakellas
Qazlal
Ru
Sif Muna
Trog
Vehumet
Xom
Yredelemnul
Zin

Shops:
D:5 *   D:8 [


Innate Abilities, Weirdness & Mutations

You are too large for most types of armour.
You have claws for hands.
Your metabolism is lightning-fast.
You like to eat raw meat.
You heal very quickly.
You are covered in fur (AC +1).
You have very tough skin (AC +2).
You are somewhat resistant to further mutation.
Your spells are a little harder to cast, but a little more powerful.


Message History

The killer bee stings you but does no damage.
Your ogre barely misses the killer bee.
You are too injured to fight recklessly!
You barely miss the killer bee.
You feel sick. The killer bee stings you.
* * * LOW HITPOINT WARNING * * *
The killer bee stings your ogre.
You barely miss the killer bee. Your claw misses the killer bee.
The killer bee stings you!
* * * LOW HITPOINT WARNING * * *
The killer bee barely misses your ogre.
The killer bee stings you but does no damage.
Your ogre misses the killer bee.
You are too berserk!
You swap places.
* * * LOW HITPOINT WARNING * * *
You feel sick. The killer bee barely misses your ogre.
The killer bee closely misses you. The killer bee stings your ogre.
The killer bee misses you.
You feel a strong urge to attack something.
You die...

#......### #......# #......#∩
#y..### #......### ##....### ##
#........# #..#...### .
#........# ####..#.....
#####....## #yy.%.....##
##.....####y###..##.#####
#).###.#y.O.# #.........
#######)####..@#### #.........
#..........[..## ###.........
#..........##.######...........
#..........##.##... #.........
#................#####.........
.............##.....#............
###..........#................>..
#..................%......#####
###########...............#


You could see a queen bee, 2 killer bees and a friendly ogre (berserk).

Vanquished Creatures
  Sigmund (D:2)
  The ghost of deorigin the Cudgeler, an amateur OgBe of Trog (D:3)
  A hungry ghost (D:8)
  A hippogriff (D:7)
  Duvessa (D:6)
  A phantom (D:6)
  A necrophage (D:5)
  3 sky beasts
  A centaur (D:5)
  3 ogres
  An elf zombie (Ossuary)
  Dowan (D:6)
  5 scorpions
  9 killer bees
  5 wights (D:7)
  A crimson imp (D:7)
  2 quasits
  A jelly (D:5)
  A centaur zombie (D:5)
  A giant frog zombie (D:5)
  2 orc priests
  2 giant frog skeletons (D:5)
  2 hounds (D:7)
  A human zombie (Ossuary)
  3 orc wizards
  Jessica (D:2)
  Terence (D:3)
  6 worker ants
  3 big kobold zombies (Ossuary)
  A hound zombie (D:8)
  A hound skeleton (D:4)
  2 mummies (Ossuary)
  12 adders
  An ooze (D:1)
  2 adder zombies
  An adder skeleton (D:4)
  2 worms
  A dart slug (D:2)
  7 giant geckos
  18 orcs
  3 giant cockroaches
  7 hobgoblins
  7 jackals
  4 quokkas
  8 bats
  A giant gecko zombie (D:6)
  2 giant newts
  7 goblins
  13 hobgoblin zombies (Ossuary)
  4 jackal zombies (Ossuary)
  3 kobolds (D:2)
  7 kobold zombies (Ossuary)
  6 orc zombies (Ossuary)
  7 rats
  A rat zombie (Ossuary)
190 creatures vanquished.

Vanquished Creatures (collateral kills)
  2 killer bees (D:7)
  A worker ant (D:6)
3 creatures vanquished.

Grand Total: 193 creatures vanquished

Notes
Turn   | Place    | Note
--------------------------------------------------------------
     0 | D:1      | WyrdKnight the Troll Berserker began the quest for the Orb.
     0 | D:1      | Reached XP level 1. HP: 22/22 MP: 0/0
   285 | D:1      | Reached XP level 2. HP: 29/29 MP: 1/1
   745 | D:2      | Reached ** piety under Trog
   747 | D:2      | Reached XP level 3. HP: 36/36 MP: 2/2
   829 | D:2      | Found an oddly glowing altar of Pakellas.
   829 | D:2      | Noticed a rakshasa
  1140 | D:2      | Noticed Sigmund
  1154 | D:2      | Killed Sigmund
  1154 | D:2      | Reached skill level 4 in Unarmed Combat
  1154 | D:2      | Reached XP level 4. HP: 45/45 MP: 3/3
  1154 | D:2      | Reached XP level 5. HP: 53/53 MP: 4/4
  1380 | D:2      | Noticed Jessica
  1388 | D:2      | Killed Jessica
  1695 | D:3      | Found an opulent altar of Gozag.
  1901 | D:3      | Reached XP level 6. HP: 58/61 MP: 5/5
  1925 | D:3      | Found a sacrificial altar of Ru.
  1980 | D:3      | Noticed deorigin's ghost (amateur OgBe)
  1999 | D:3      | Killed deorigin's ghost
  1999 | D:3      | Reached skill level 6 in Unarmed Combat
  2145 | D:3      | Noticed Terence
  2151 | D:3      | Killed Terence
  2151 | D:3      | Reached *** piety under Trog
  2667 | D:4      | Reached XP level 7. HP: 67/67 MP: 6/6
  2893 | D:4      | Reached skill level 7 in Unarmed Combat
  2899 | D:4      | Found a staircase to the Ecumenical Temple.
  2964 | D:4      | Found a sand-covered staircase.
  3021 | Ossuary  | Entered an ossuary
  3305 | Ossuary  | Reached skill level 8 in Unarmed Combat
  3390 | D:4      | Found an ancient bone altar of Kikubaaqudgha.
  3525 | D:4      | Found a blossoming altar of Fedhas.
  3811 | Temple   | Entered the Ecumenical Temple
  3919 | D:5      | Entered Level 5 of the Dungeon
  4054 | D:5      | Found a snail-covered altar of Cheibriados.
  4172 | D:5      | Reached XP level 8. HP: 75/75 MP: 7/7
  4302 | D:5      | Reached skill level 9 in Unarmed Combat
  4570 | D:5      | Found Seon's Assorted Antiques.
  4585 | D:5      | Reached **** piety under Trog
  4672 | D:5      | Reached skill level 10 in Unarmed Combat
  4960 | D:5      | Bought a scroll of identify for 40 gold pieces
  5493 | D:6      | Noticed Duvessa
  5493 | D:6      | Noticed Dowan
  5501 | D:6      | Killed Duvessa
  5504 | D:6      | Killed Dowan
  5522 | D:6      | Reached skill level 11 in Unarmed Combat
  5522 | D:6      | Reached XP level 9. HP: 83/83 MP: 8/8
  6215 | D:7      | Found a shadowy altar of Dithmenos.
  6676 | D:7      | Gained mutation: Your spells are a little harder to cast, but a little more powerful. [mutagenic meat]
  6677 | D:7      | Gained mutation: You are somewhat resistant to further mutation. [mutagenic meat]
  6688 | D:7      | Reached skill level 12 in Unarmed Combat
  7115 | D:8      | Found Utaxt's Armour Shop.
  7156 | D:8      | Noticed a queen bee
  7168 | D:8      | Reached skill level 13 in Unarmed Combat
  7226 | D:8      | HP: 1/124 [killer bee (12)]
  7228 | D:8      | Succumbed to a killer bee's poison

Skill      XL: |  1  2  3  4  5  6  7  8  9 |
---------------+----------------------------+-----
Dodging        | 3 4 |  4.0
Fighting       | 3 |  3.3
Unarmed Combat | 4 6 8 11 13 | 13.1
Stealth        | |  0.3

Action                   |  1- 3 |  4- 6 |  7- 9 || total
-------------------------+-------+-------+-------++-------
Melee: Unarmed           |    73 |    90 |   374 ||   537
       Club              |    11 |       |       ||    11
       Punch             |     2 |     4 |    18 ||    24
 Fire: Hunting sling     |       |     2 |       ||     2
Throw: Stone             |       |       |   104 ||   104
Invok: Berserk           |     3 |     1 |     8 ||    12
       Brothers in Arms  |       |       |     3 ||     3
  Use: Potion            |     1 |       |     8 ||     9
       Scroll            |       |       |     5 ||     5
 Stab: Sleeping          |       |     1 |       ||     1
  Eat: Chunk             |    18 |    16 |    44 ||    78
       Bread ration      |       |       |     2 ||     2
Armor: Animal skin       |    31 |    16 |    78 ||   125
       Robe              |       |       |    21 ||    21
Dodge: Dodged            |    49 |    35 |   162 ||   246
